 Dungeon Crawl Stone Soup version 0.28.0-49-g6dfe1f597d (webtiles) character file.

Game seed: 13405117112771187220

1470 Zeld the Thaumaturge (level 8, -2/41 HPs)
             Began as a Deep Elf Fire Elementalist on May 19, 2022.
             Was an Initiate of Vehumet.
             Slain by a vampire mosquito (3 damage)
             ... on level 6 of the Dungeon.
             The game lasted 00:05:47 (7108 turns).

Zeld the Thaumaturge (Deep Elf Fire Elementalist)   Turns: 7108, Time: 00:05:48

Health: -2/41      AC:  3    Str:  5    XL:     8   Next: 49%
Magic:  12/22      EV: 14    Int: 23    God:    Vehumet [......]
Gold:   310        SH:  0    Dex: 15    Spells: 17/24 levels left

rFire   . . .      SeeInvis .   h - +1 short sword (venom)
rCold   . . .      Faith    .   (no shield)
rNeg    . . .      Spirit   .   a - +0 robe
rPois   +          Reflect  .   (no helmet)
rElec   .          Harm     .   (no cloak)
rCorr   +          Rampage  .   c - +0 pair of gloves
Will    .....                   (no boots)
Stlth   ++........              (no amulet)
HPRegen 0.13/turn               q - ring of poison resistance
MPRegen 0.18/turn               j - ring of resist corrosion

@: no status effects
A: no striking features
a: Renounce Religion


You were on level 6 of the Dungeon.
You worshipped Vehumet.
Vehumet was noncommittal.
You visited 2 branches of the dungeon, and saw 7 of its levels.

You collected 310 gold pieces.

Inventory:

Hand Weapons
 h - a +1 short sword of venom (weapon)
Armour
 a - a +0 robe (worn)
 c - a +0 pair of gloves (worn)
Jewellery
 j - a ring of resist corrosion (right hand)
 q - a ring of poison resistance (left hand)
Scrolls
 b - 3 scrolls of enchant armour {unknown}
 d - 5 scrolls of identify {unknown}
 e - 2 scrolls of teleportation {unknown}
 g - a scroll of torment {unknown}
 i - a scroll of brand weapon {unknown}
 n - 2 scrolls of amnesia {unknown}
 o - a scroll of immolation {unknown}
 s - 3 scrolls of holy word {unknown}
 t - a scroll of noise {unknown}
Potions
 f - 2 potions of magic {unknown}
 k - a potion of degeneration {unknown}
 l - a potion of invisibility {unknown}
 m - a potion of cancellation {unknown}
 p - a potion of brilliance {unknown}
 r - 2 potions of curing


   Skills:
 + Level 5.6 Dodging
 - Level 2.4 Stealth
 * Level 8.5 Spellcasting
 + Level 4.7 Conjurations
 * Level 7.4 Fire Magic


You had 17 spell levels left.
You knew the following spells:

 Your Spells              Type           Power      Damage    Failure   Level
a - Foxfire               Conj/Fire      100%       2x1d9     1%          1
b - Scorch                Fire           88%        2d9       1%          2
c - Flame Wave            Conj/Fire      37%        2d9       5%          4

Your spell library contained the following spells:

 Spells                   Type           Power      Damage    Failure   Level
 Conjure Flame            Conj/Fire      37%        6-21      1%          3
 Inner Flame              Hex/Fire       27%        N/A       4%          3


Dungeon Overview and Level Annotations

Branches:
Dungeon (6/15)             Temple (1/1) D:5

Altars:
Ashenzari
Cheibriados
Dithmenos
Elyvilon
Fedhas
Gozag
Kikubaaqudgha
Nemelex Xobeh
Okawaru
Trog
Uskayaw
Vehumet
Wu Jian
Xom
Yredelemnul
The Shining One


Message History

Unknown command.
Casting: Scorch (safe; 1% risk of failure)
Confirm with . or Enter, or press ? or * to list all spells.
Flames lash the phantom.
The phantom is moderately damaged.
The phantom's fire resistance burns away.
The phantom closely misses you.
Unknown command.
Casting: Scorch (safe; 1% risk of failure)
Confirm with . or Enter, or press ? or * to list all spells.
Flames lash the centaur.
The centaur is burned terribly!
You kill the centaur!
Vehumet accepts your kill. The phantom hits you.
Unknown command.
Casting: Scorch (safe; 1% risk of failure)
Confirm with . or Enter, or press ? or * to list all spells.
Flames lash the vampire mosquito.
The vampire mosquito is heavily damaged.
The vampire mosquito's fire resistance burns away.
The phantom hits you.
The phantom blinks!
You blink.
Found 8 gold pieces.
The wight hits you from afar with a +4 trident.
* * * LOW HITPOINT WARNING * * *
Casting: Scorch (safe; 1% risk of failure)
Confirm with . or Enter, or press ? or * to list all spells.
Casting: Flame Wave (dangerous; 5% risk of failure)
Press: ? - help, Dir - look around, f - activate
Okay, then.
The adder closely misses you. The phantom misses you.
The wight hits you but does no damage. The adder closely misses you.
The phantom is no longer more vulnerable to fire.
There is a stone staircase leading down here.
The phantom hits you.
* * * LOW HITPOINT WARNING * * *
The phantom blinks!
You blink.
You stop descending the stairs.
The adder barely misses you. The adder bites you.
* * * LOW HITPOINT WARNING * * *
The vampire mosquito bites you.
You die...

###...###..#.#...###
##.^..##....).##....##
##..^.##.[####..##....##
#....##..##..##..##....#
#[...#..##≈.$.##.......#
#....#8.#$.##..#.8#....#.#
#....#..#..§S.≈#..#....#.#
#....#..#..zSyW#..#.)....#
#....#8.#..##@.#.8#....###
#....#..##....##..#....#
#....##..#.).##..##)...#
##.).)##.^####..##....##
##...)##......##....##
###.^.###..###...###
###.÷.####...###
###......### ########


You could see a phantom, a vampire mosquito (combustible), a wight and 2 adders.

Vanquished Creatures
  Grinder (D:3)
  A black bear (D:4)
  A water moccasin (D:5)
  2 centaurs (D:6)
  An ogre (D:6)
  A kobold brigand (D:6)
  A bullfrog (D:4)
  A water moccasin zombie (D:5)
  A wight (D:6)
  A bullfrog zombie (D:5)
  2 hounds
  An orc priest (D:6)
  A centaur skeleton (D:5)
  A bullfrog skeleton (D:6)
  Terence (D:2)
  3 iguanas
  5 orc wizards
  9 adders
  2 shadow imps (D:6)
  A white imp (D:5)
  2 ufetubi (D:6)
  4 worms
  A dart slug (D:1)
  15 orcs
  6 ball pythons
  7 endoplasms
  2 giant cockroaches (D:1)
  9 goblins
  10 hobgoblins
  3 quokkas
  10 bats
  5 frilled lizards
  7 kobolds
  A quokka skeleton (D:4)
  8 rats
127 creatures vanquished.

Vanquished Creatures (others)
  138 foxfires (D:1)
138 creatures vanquished.

Grand Total: 265 creatures vanquished

Notes
Turn   | Place    | Note
-------+----------+-------------------------------------------
     0 | D:1      | Zeld the Deep Elf Fire Elementalist began the quest for the
                  | Orb.
     0 | D:1      | Reached XP level 1. HP: 10/10 MP: 6/6
   466 | D:1      | Reached XP level 2. HP: 15/15 MP: 4/8
   469 | D:1      | Learned a level 2 spell: Scorch
  1501 | D:1      | Reached XP level 3. HP: 19/19 MP: 5/10
  1581 | D:1      | Found a faded altar of an unknown god.
  2296 | D:2      | You fall into a shaft and drop 2 floors!
  2316 | D:4      | Noticed a black bear
  2322 | D:4      | Killed a black bear
  2323 | D:4      | Reached skill level 4 in Spellcasting
  2323 | D:4      | Reached XP level 4. HP: 20/24 MP: 0/12
  2328 | D:4      | Learned a level 4 spell: Flame Wave
  2452 | D:4      | Reached XP level 5. HP: 28/28 MP: 11/14
  2754 | D:3      | Found an opulent altar of Gozag.
  2867 | D:3      | Reached skill level 5 in Spellcasting
  3230 | D:2      | Noticed Terence
  3237 | D:2      | Killed Terence
  3421 | D:2      | Reached skill level 5 in Fire Magic
  3421 | D:2      | Reached XP level 6. HP: 27/32 MP: 11/16
  3908 | D:3      | Found an ancient bone altar of Kikubaaqudgha.
  3911 | D:3      | Found a snail-covered altar of Cheibriados.
  3911 | D:3      | Found a sparkling altar of Nemelex Xobeh.
  4010 | D:3      | Noticed Grinder
  4014 | D:3      | Paralysed by Grinder for 4 turns
  4018 | D:3      | Killed Grinder
  4019 | D:3      | Reached skill level 6 in Spellcasting
  4139 | D:3      | Found a glowing golden altar of the Shining One.
  4192 | D:3      | Found an iron altar of Okawaru.
  4411 | D:4      | Reached XP level 7. HP: 36/36 MP: 4/18
  5167 | D:5      | Entered Level 5 of the Dungeon
  5484 | D:5      | Reached skill level 7 in Spellcasting
  5867 | D:5      | Found a staircase to the Ecumenical Temple.
  6149 | Temple   | Entered the Ecumenical Temple
  6204 | Temple   | Became a worshipper of Vehumet
  6428 | D:6      | Reached skill level 5 in Dodging
  6428 | D:6      | Reached XP level 8. HP: 22/41 MP: 11/21
  6680 | D:6      | Reached skill level 8 in Spellcasting
  7108 | D:6      | HP: 1/41 [adder (4)]
  7108 | D:6      | Slain by a vampire mosquito

Illustrated notes

Levels and vault maps discovered:
D:1:      arrival_zaba_pyramid, layout_basic,
          hellmonk_ecumenical_altar_lost_god, minmay_indecisive_spiral
D:2:      layout_rooms, uniq_terence
D:3:      layout_basic, kennysheep_okawaru_gauntlet, grunt_temple_overflow_open,
          nicolae_tso_swordbearing_angel,
          nicolae_gozag_cash_rules_everything_around_me, chequers_mini_garden,
          serial_park_tiny_1, uniq_grinder
D:4:      layout_gridville, hangedman_glass_teeth, minmay_diced_spiral
D:5:      layout_loops_ring, minmay_temple_entry_overgrown
D:6:      layout_basic, zin_academy, nicolae_ru_path_of_blood, nzn_random_ring,
          uniq_edmund
Temple:   compressed_dpeg_circular_temple

Skill      XL: |  1  2  3  4  5  6  7  8 |
---------------+-------------------------+-----
Dodging        | 3 4 5 |  5.6
Spellcasting   | 4 5 6 7 8 |  8.5
Conjurations   | 2 3 4 |  4.7
Fire Magic     | 4 5 6 7 |  7.4
Stealth        | |  2.4

Action                   |  1- 3 |  4- 6 |  7- 9 || total
-------------------------+-------+-------+-------++-------
Melee: Short sword       |     4 |    16 |    15 ||    35
 Cast: Foxfire           |    92 |       |       ||    92
       Scorch            |    13 |    63 |    75 ||   151
Armor: Robe              |     9 |    12 |     9 ||    30
Dodge: Dodged            |    24 |    29 |    29 ||    82
